[Event "Early-Titled-Tuesday-Blitz-April-02-2024"]
[Site "Chess.com"]
[Date "2024.04.02"]
[Round "2"]
[White "the_chess_child"]
[Black "Kotofeyca"]
[Result "1-0"]
[WhiteElo "2841"]
[BlackElo "2497"]
[TimeControl "180+1"]
[EndTime "8:18:17 PDT"]
[Termination "the_chess_child won by resignation"]

1. e4 c5 2. Nf3 d6 3. g3 Nc6 4.
Bg2 Bg4 5. h3 Bxf3 6. Bxf3 g6 7.
O-O Bg7 8. c3 Qd7 9. Bg2 e6 10. a4 Nge7 11. Re1 O-O 12. d3 a6 13. Na3 Na5 14. Be3 b5 15. axb5 axb5 16. e5 Rab8 17.
exd6 Qxd6 18. Nc2 Nb3 19. Ra3 c4 20. dxc4 Qxd1 21. Rxd1 bxc4 22. Bf1 Rfc8 23. Rd7 Nd5 24. Raa7 Nxe3 25. Nxe3 Rf8 26. Bxc4 Nc5 27. Rdc7 Ne4 28. Rab7 Be5 29. Re7 Bf6 30. Rxf7 Rxb7 31. Rxb7 Bg5 32. Bxe6+ Kh8 33. f4 Nc5 34. Rb6 Bd8 35. Rc6 Na4 36. Nc4 Bf6 37. Kg2 Rb8 38. Rc8+ Rxc8 39. Bxc8 Be7 40.
Bd7 Nc5 41. Bc6 Nd3 42. Kf3 Kg7 43. Ke3 Nc5 44. b4 Na6 45. Ne5 Kf6 46. Kd4 Bd6 47. Nc4 Bc7 48. Ne3 Ke6 49. Bd5+ Kd6 50. Bg8 Bb6+ 51.
Kd3 h6 52. Bh7 g5 53. Nc4+ Kc7 54. Nxb6 Kxb6 55. fxg5 hxg5 56. h4 gxh4 57. gxh4 Nc7 58. Bf5 Nd5 59. Kd4 Nf6 60. Bg6 Kc6 61. Ke5 Ng4+ 62.
Kf4 Nf6 63. h5 Ng8 64. Kg5 Kd6 65. h6 1-0

[Event "Early-Titled-Tuesday-Blitz-April-02-2024"]
[Site "Chess.com"]
[Date "2024.04.02"]
[Round "2"]
[White "ladytitan"]
[Black "guillembaches"]
[Result "0-1"]
[WhiteElo "2146"]
[BlackElo "2550"]
[TimeControl "180+1"]
[EndTime "8:18:17 PDT"]
[Termination "guillembaches won on time"]

1. d4 d5 2. c4 e6 3. Nf3 a6 4. Nc3 Nf6 5. cxd5 exd5 6. Bg5 Be6 7.
e3 Nbd7 8. Bd3 Bd6 9. O-O c6 10. Qc2 Qc7 11. Rfe1 h6 12. Bh4 g5 13. Bg3 Bxg3 14.
hxg3 Qd6 15. e4 dxe4 16. Nxe4 Nxe4 17. Bxe4 Nf6 18. Bf5 O-O-O 19. Ne5 Rhf8 20. Nc4 Qxd4 21. Rad1 Qa7 22. Qc3 Nd5 23. Qe5 Bxf5 24. Nd6+ Rxd6 25. Qxd6 Rd8 26. Qxh6 g4 27. Qg5 Be6 28. Qe5 Qb8 29. Qe4 Qd6 30. a3 Kb8 31. b4 Rh8 32. a4 Ka8 33. b5 cxb5 34. axb5 a5 35. Ra1 b6 36. Red1 Rc8 37. Rac1 Rxc1 38. Rxc1 Kb7 39. Rc6 Qb4 40. Qh7 Qxb5 41. Rc1 Qb2 42. Rc2 Qb1+ 43. Kh2 Qb5 44. Qg8 Qd7 45. Qg7 Nb4 46. Rb2 Nc6 47. Qe5 Nxe5 0-1

[Event "Early-Titled-Tuesday-Blitz-April-02-2024"]
[Site "Chess.com"]
[Date "2024.04.02"]
[Round "2"]
[White "moro182"]
[Black "Zq1"]
[Result "1-0"]
[WhiteElo "2888"]
[BlackElo "2604"]
[TimeControl "180+1"]
[EndTime "8:18:19 PDT"]
[Termination "moro182 won by checkmate"]

1. d4 Nf6 2. Bf4 c5 3. e3 g6 4. Nf3 Bg7 5. h3 O-O 6. c3 b6 7.
Nbd2 d6 8. Bh2 Ba6 9. Bxa6 Nxa6 10. O-O b5 11. Qe2 Qb6 12. a4 b4 13. e4 bxc3 14.
bxc3 cxd4 15. cxd4 Nb4 16. a5 Qa6 17. Qxa6 Nxa6 18.
Rab1 Rab8 19. e5 dxe5 20. Bxe5 Rxb1 21. Rxb1 Nd5 22. Rb7 Ra8 23. Ne4 Nab4 24. Rd7 f6 25.
Bg3 Kf8 26. Nc5 Ke8 27. a6 Nc3 28. Rb7 Ne2+ 29. Kh2 Nxg3 30. Rxb4 Nf5 31. Rb7 Kf7 32. Ne4 Bh6 33. g4 Bf4+ 34. Kg2 Nd6 35. Nxd6+ Bxd6 36. Nd2 Ke6 37. Kf3 Kd5 38. Ke3 h5 39. Kd3 hxg4 40. hxg4 f5 41. gxf5 gxf5 42. Nc4 Kc6 43. Ne3 e6 44.
Kc4 f4 45. Ng4 Rc8 46. Kd3 Rc7 47. Rb1 Kd5 48. Nf6+ Kc6 49. Ne8 Re7 50. Rc1+ Kd5 51. Nf6# 1-0

[Event "Early-Titled-Tuesday-Blitz-April-02-2024"]
[Site "Chess.com"]
[Date "2024.04.02"]
[Round "2"]
[White "RobertoJBM"]
[Black "AsaHoffmann"]
[Result "1-0"]
[WhiteElo "2797"]
[BlackElo "2396"]
[TimeControl "180+1"]
[EndTime "8:18:19 PDT"]
[Termination "RobertoJBM won on time"]

1. e4 d6 2. d4 c6 3. Nc3 a6 4. a4 Nf6 5. f4 Qa5 6. Bd3 e5 7. Nf3 exd4 8. Nxd4 Bg4 9. Qd2 Bd7 10.
Nb3 Qc7 11. O-O Be7 12. a5 O-O 13. Kh1 c5 14. Bc4 Be6 15. Qe2 Nc6 16. Bxe6 fxe6 17. Qc4 Qc8 18. Be3 Kh8 19. Rad1 Nb4 20. Rd2 d5 21.
exd5 exd5 22. Nxd5 Nfxd5 23. Rxd5 Nxd5 24. Qxd5 c4 25. Nd4 Bf6 26. Ne6 Re8 27. f5 Qc6 28. Qxc6 bxc6 29.
c3 Rab8 30. Bb6 Rb7 31. Rd1 Kg8 32. g4 h6 33. Kg2 Kf7 34. Rd6 Rc8 35. Kf3 Be5 36.
Nd8+ Rxd8 37. Rxd8 Bxh2 38. Rc8 Be5 39. Rxc6 Ke7 40. Rxc4 Kd6 41. b4 Rf7 42. Ke4 Bg3 43. Rd4+ Kc6 44. c4 Re7+ 45. Kd3 Bd6 46. b5+ axb5 47.
cxb5+ Kxb5 48. Rxd6 Re1 49. Rd4 Rd1+ 50. Ke4 Re1+ 51. Kd5 Rg1 52. Rb4+ Kxb4 53. Bxg1 Kxa5 54. Bd4 Kb5 55. Bxg7 1-0

[Event "Early-Titled-Tuesday-Blitz-April-02-2024"]
[Site "Chess.com"]
[Date "2024.04.02"]
[Round "2"]
[White "ChessQueen"]
[Black "SultaiC"]
[Result "1-0"]
[WhiteElo "2719"]
[BlackElo "2504"]
[TimeControl "180+1"]
[EndTime "8:18:20 PDT"]
[Termination "ChessQueen won by checkmate"]

1. Nf3 Nf6 2. g3 e6 3. Bg2 d5 4. d3 Be7 5. O-O O-O 6. a4 c5 7. Bf4 Nc6 8. e4 dxe4 9. dxe4 Nxe4 10. Ne5 Nxe5 11. Bxe5 Nf6 12. Qe2 Qb6 13. Na3 Bd7 14. Rfd1 Bc6 15. Nc4 Qa6 16. Bf1 b6 17. Qd2 Qb7 18.
Nd6 Bxd6 19. Qxd6 Nd5 20. Bf4 Rad8 21. Qe5 Nb4 22. Rdc1 Rd7 23. Qe2 Rfd8 24. a5 Bf3 25. Qb5 Bc6 26. Qe2 b5 27. Be3 c4 28. Bc5 Na6 29.
Be3 Bf3 30. Qe1 h6 31. b3 cxb3 32. cxb3 Nc7 33. Bc5 Nd5 34. a6 Qa8 35. Bxb5 Rc7 36. Bf1 Rdc8 37. Bd4 Rd7 38. Qe5 Nf6 39. h3 Rd5 40.
Qe3 Rf5 41. Bxa7 Nd5 42. Qd4 e5 43. Rxc8+ Qxc8 44. Qc5 Qe6 45. Bb8 Nf4 46. a7 Nxh3+ 47. Bxh3 Rh5 48. a8=Q Bxa8 49. Rxa8 Qxh3 50. Bxe5+ Kh7 51.
Rh8+ Kg6 52. Qc6+ f6 53. Qe4+ Rf5 54. Bf4 Kf7 55. Qe8# 1-0

[Event "Early-Titled-Tuesday-Blitz-April-02-2024"]
[Site "Chess.com"]
[Date "2024.04.02"]
[Round "2"]
[White "GodzillaChessYoutube"]
[Black "N_I_Chess"]
[Result "1-0"]
[WhiteElo "2689"]
[BlackElo "2379"]
[TimeControl "180+1"]
[EndTime "8:18:21 PDT"]
[Termination "GodzillaChessYoutube won by checkmate"]

1. c4 Nf6 2. Nc3 c5 3. g3 g6 4. Bg2 Bg7 5. e3 O-O 6. Nge2 Nc6 7. O-O Ne5 8. b3 Nd3 9. Ba3 d6 10. Qb1 Nb4 11. d4 cxd4 12. Nxd4 Na6 13. Rd1 Rb8 14. Ncb5 Qb6 15. Rd2 Bd7 16. Qd1 Bc6 17. Nxc6 bxc6 18. Nd4 Rfc8 19. Rc1 c5 20. Nc2 Nd7 21. h4 h5 22. Bh3 Rc7 23. Rb1 Bc3 24. Re2 Bg7 25. Bb2 Ne5 26. Bg2 Nb4 27. Nxb4 Qxb4 28. Qc2 a5 29. f4 Ng4 30. Bxg7 Kxg7 31. Bf3 Nf6 32. e4 e6 33. Rd1 Rd8 34. Red2 Ne8 35. Qb2+ Kg8 36. f5 exf5 37. exf5 Re7 38. fxg6 fxg6 39. Bd5+ Kh7 40. Rf2 Ng7 41. Rdf1 Qb8 42. Qf6 Rde8 43. Bf7 Re6 44. Bxg6+ Kh8 45. Qg5 Re5 46. Qh6+ Kg8 47. Qh7# 1-0

[Event "Early-Titled-Tuesday-Blitz-April-02-2024"]
[Site "Chess.com"]
[Date "2024.04.02"]
[Round "2"]
[White "2346PL"]
[Black "jcibarra"]
[Result "0-1"]
[WhiteElo "2535"]
[BlackElo "2979"]
[TimeControl "180+1"]
[EndTime "8:18:21 PDT"]
[Termination "jcibarra won on time"]

1. d4 Nf6 2. Bg5 d5 3. e3 c5 4. Nf3 Nc6 5. c3 Ne4 6. Bf4 Qb6 7. Qc1 Bf5 8. Nh4 Bd7 9. f3 Nf6 10. g4 h6 11. Bg3 Rc8 12. Qd2 e6 13. Bd3 Be7 14.
Ng2 a6 15. O-O cxd4 16. exd4 e5 17. Kh1 exd4 18. Bf2 dxc3 19. Nxc3 d4 20. Ne4 O-O 21.
Nxf6+ Bxf6 22. Nf4 Qb4 23. Qd1 Qd6 24. Nh5 Ne5 25.
Bxd4 Nxd3 26. Nxf6+ gxf6 27. Qxd3 Bb5 28. Qe3 Bxf1 29.
Rxf1 Rfe8 30. Qf2 Qf4 31. Bc3 Rcd8 32. Kg2 Rd3 33. Qc2 Ree3 34. Qf2 Rxf3 35. Qxf3 Rxf3 36. Rxf3 Qe4 37. Kg3 h5 38. h3 h4+ 39. Kf2 Qc2+ 40.
Ke3 Qc1+ 41. Kf2 Qc2+ 42. Ke3 Qc1+ 43. Kf2 Qh1 44. Bxf6 Qh2+ 45. Ke3 Qg1+ 46. Ke2 Qb1 47. Bc3 Qxa2 48. Rf4 Qb1 49. Rf5 Qe4+ 50. Kf2 Kf8 0-1

[Event "Early-Titled-Tuesday-Blitz-April-02-2024"]
[Site "Chess.com"]
[Date "2024.04.02"]
[Round "2"]
[White "slidingknight2775"]
[Black "Kiborg95"]
[Result "0-1"]
[WhiteElo "2594"]
[BlackElo "2857"]
[TimeControl "180+1"]
[EndTime "8:18:23 PDT"]
[Termination "Kiborg95 won by resignation"]

1. e4 d6 2. d4 Nf6 3. Bd3 e5 4.
c3 Nc6 5. Ne2 g6 6. O-O Bg7 7. h3 O-O 8. Be3 d5 9. Nd2 Re8 10. Qc2 exd4 11. Nxd4 Ne5 12. Bg5 Nxd3 13. Qxd3 h6 14. Bxf6 Bxf6 15. Rfe1 c5 16. N4f3 Be6 17. exd5 Qxd5 18. Qxd5 Bxd5 19. a3 Rad8 20. Rxe8+ Rxe8 21. Re1 Rd8 22. Ne4 Be7 23. Ng3 Kf8 24. Rd1 Bxf3 25.
Rxd8+ Bxd8 26. gxf3 c4 27. Kf1 Bg5 28. Ne2 Bd2 29. a4 Ke7 30. Nd4 Bc1 31. b3 cxb3 32. Nxb3 Bf4 33. Ke2 Kd6 34. Kd3 Be5 35. c4 f5 36. Na5 b6 37. Nb3 Kc6 38. c5 bxc5 39. Kc4 Bd6 40. Nc1 Be5 41. Nb3 Bd6 42. Nc1 Be7 43.
Nb3 a6 44. Nc1 Kb6 45. Nb3 Bd6 46. Kd5 Bf8 47. Kc4 g5 48. Kd5 h5 49. a5+ Kc7 50. Nxc5 Bxc5 51. Kxc5 h4 52. Kd5 g4 53. fxg4 fxg4 54.
Ke4 gxh3 55. Kf3 Kc6 56. Ke2 h2 0-1

[Event "Early-Titled-Tuesday-Blitz-April-02-2024"]
[Site "Chess.com"]
[Date "2024.04.02"]
[Round "2"]
[White "ritanovikova"]
[Black "stasOR4ik"]
[Result "1-0"]
[WhiteElo "2136"]
[BlackElo "2422"]
[TimeControl "180+1"]
[EndTime "8:18:23 PDT"]
[Termination "ritanovikova won on time"]

1. e4 c6 2. d4 d5 3. exd5 cxd5 4. Bd3 Nc6 5. c3 Nf6 6. Nf3 Bg4 7. O-O e6 8. Bg5 Be7 9. Nbd2 O-O 10. Qc2 Rc8 11.
Bxf6 Bxf6 12. Bxh7+ Kh8 13. Qd3 g6 14. Bxg6 fxg6 15.
Qxg6 Bf5 16. Qh6+ Kg8 17. g4 Bg7 18. Qh5 Bd3 19. Rfe1 Qe8 20. Qh3 Bg6 21. Ng5 Rf6 22. f4 Qd7 23. Ndf3 Rcf8 24. Ne5 Nxe5 25. Rxe5 Rxf4 26.
Rxe6 R8f6 27. Rae1 Rf1+ 28. Rxf1 Rxe6 29. Nxe6 Qxe6 30. Qf3 Be4 31. Qf4 Qg6 32. h3 b6 33.
Qb8+ Kh7 34. Qg3 Bh6 35. Qh4 Kg8 36. Qd8+ Kh7 37. Qe7+ Bg7 38. Qh4+ Qh6 39. Qxh6+ Kxh6 40. Rf7 a6 41. Rb7 Bb1 42. Rxb6+ Kg5 43. Rxa6 Kf4 44. Rg6 Bh8 45. Rg8 Bf6 46. Rf8 Kg5 47. h4+ Kg6 48.
g5 1-0

[Event "Early-Titled-Tuesday-Blitz-April-02-2024"]
[Site "Chess.com"]
[Date "2024.04.02"]
[Round "2"]
[White "Alexei_Gubajdullin"]
[Black "Sanan_Sjugirov"]
[Result "0-1"]
[WhiteElo "2635"]
[BlackElo "2993"]
[TimeControl "180+1"]
[EndTime "8:18:24 PDT"]
[Termination "Sanan_Sjugirov won by resignation"]

1. Nf3 Nf6 2. g3 b6 3. Bg2 Bb7 4. O-O g6 5. c4 c5 6. Nc3 Bg7 7. d4 cxd4 8. Nxd4 Bxg2 9. Kxg2 Qc8 10. b3 O-O 11. Bb2 Qb7+ 12. f3 Nc6 13. Nc2 Rfd8 14. e4 a6 15. Qe2 Rab8 16. a4 e6 17. Rfd1 Rbc8 18. Ne3 Na5 19. b4 Nc6 20. b5 Na5 21. e5 Ne8 22. Ne4 Nb3 23. Ra3 Nc5 24. Nxc5 Rxc5 25.
Bd4 Rcc8 26. Rad3 axb5 27. axb5 Qc7 28. Ng4 h5 29. Nf2 Qxc4 30. Bxb6 Nc7 31. R3d2 Qxe2 32. Rxe2 Re8 33. Bxc7 Rxc7 34. b6 Rb7 35. Rb2 Bxe5 36.
Rb5 d5 37. Nd3 Bd6 38. Rc1 Kf8 39. Nc5 Bxc5 40. Rcxc5 Ke7 41. f4 Reb8 42. Rc6 Kd7 43. Rbc5 Rxb6 44. Rc7+ Kd6 45. Rc2 Rb2 46. Kh3 Rxc2 47.
Rxc2 d4 48. Kh4 Rb5 49. Rd2 Rd5 50. Rd3 Kc5 51. h3 Kc4 52. Rd1 d3 53. Rc1+ Kd4 54.
Rd1 Ke3 0-1

[Event "Early-Titled-Tuesday-Blitz-April-02-2024"]
[Site "Chess.com"]
[Date "2024.04.02"]
[Round "2"]
[White "SipkeErnst"]
[Black "Larina_Maria"]
[Result "1-0"]
[WhiteElo "2680"]
[BlackElo "2315"]
[TimeControl "180+1"]
[EndTime "8:18:24 PDT"]
[Termination "SipkeErnst won on time"]

1. Nf3 f5 2. d3 Nc6 3. e4 d6 4.
Nc3 e5 5. g3 Nf6 6. Bg2 Be7 7.
exf5 Bxf5 8. d4 exd4 9. Nxd4 Nxd4 10. Qxd4 c6 11. O-O O-O 12. Qa4 d5 13. Bf4 Bd6 14.
Bxd6 Qxd6 15. Rad1 Bg4 16. Rd4 Be6 17. b4 a6 18. Qb3 Rae8 19. a4 Bd7 20. Rd2 Kh8 21.
b5 axb5 22. axb5 Qc5 23. Na4 Qxb5 24. Qxb5 cxb5 25. Nc3 Bc6 26. Nxd5 Bxd5 27. Bxd5 Nxd5 28. Rxd5 Re2 29. Rxb5 Rxc2 30. Rxb7 h6 31. h4 h5 32. Rb5 g6 33. Rb7 Re2 34. Kg2 Rd2 35. Rb3 Kg7 36.
Re3 Rf7 37. Re6 Rc2 38. Rd6 Rb2 39. Rc6 Ra2 40. Rcc1 Rd2 41. Rce1 Rc2 42. Re3 Rd2 43. Rf3 Re7 44. Ra1 Rc2 45. Ra6 Rce2 46. Rff6 Kh7 47. Rxg6 Rf7 48. Rh6+ Kg7 49. Rag6+ Kf8 50. Rf6 Kg7 51. Rhg6+ Kf8 52. Rxf7+ Kxf7 53. Rg5 Kf6 54.
Rxh5 Kg6 55. Rg5+ 1-0

[Event "Early-Titled-Tuesday-Blitz-April-02-2024"]
[Site "Chess.com"]
[Date "2024.04.02"]
[Round "2"]
[White "pfalcon1949"]
[Black "YaWaleriy"]
[Result "0-1"]
[WhiteElo "1947"]
[BlackElo "2424"]
[TimeControl "180+1"]
[EndTime "8:18:24 PDT"]
[Termination "YaWaleriy won on time"]

1. e4 e5 2. Nf3 Nc6 3. Nc3 Nf6 4. Nxe5 Nxe5 5. d4 d6 6. dxe5 dxe5 7. Qxd8+ Kxd8 8.
Bg5 Be7 9. O-O-O+ Bd7 10. Bc4 Rf8 11. f3 c6 12. Rhe1 Kc7 13. Kb1 Rad8 14. Rd2 h6 15.
Be3 b5 16. Bb3 a6 17. Red1 Bb4 18. Rd3 Nh5 19. Ne2 Be7 20. g3 Nf6 21. c4 Be6 22. cxb5 axb5 23. Rxd8 Rxd8 24. Rxd8 Bxd8 25. Bxe6 fxe6 26.
Kc2 Be7 27. Kc3 c5 28. b3 Kc6 29. a4 b4+ 30. Kc4 Ne8 31. Kd3 Nd6 32. Nc1 Nb7 33.
Kc4 Na5+ 34. Kd3 Bd6 35. Kc2 c4 36. bxc4 Nxc4 37. Bf2 Na5 38. Nb3 Nc4 39. h3 h5 40.
h4 g6 41. g4 Be7 42. a5 Kb5 43. Kd3 Nxa5 44. Nxa5 Kxa5 45. Kc4 Ka4 46. Bg3 b3 47. Bxe5 Bxh4 48. gxh5 gxh5 49. Bb2 Be7 50. Be5 h4 0-1

[Event "Early-Titled-Tuesday-Blitz-April-02-2024"]
[Site "Chess.com"]
[Date "2024.04.02"]
[Round "2"]
[White "NelsonLinda"]
[Black "Rud_Makarian"]
[Result "0-1"]
[WhiteElo "2642"]
[BlackElo "3019"]
[TimeControl "180+1"]
[EndTime "8:18:25 PDT"]
[Termination "Rud_Makarian won by checkmate"]

1. b3 d5 2. Bb2 Bg4 3. f3 Bd7 4. d4 Nf6 5. Nd2 c5 6. e3 Nc6 7. a3 cxd4 8. exd4 g6 9. Bd3 h5 10. Ne2 Bh6 11. O-O O-O 12. Kh1 Rc8 13. c4 Be6 14. f4 Ng4 15. Rf3 f5 16. Qg1 Nf6 17.
Rff1 Ne4 18. Qe3 Nxd2 19. Qxe6+ Kh7 20. Rfd1 Nxb3 21. Rab1 Qd6 22. cxd5 Nca5 23. Qxd6 exd6 24. Bc3 Rfe8 25. Bxa5 Nxa5 26. Rb5 b6 27. g3 Bg7 28.
Kg2 Re7 29. Kf2 Rce8 30. Rc1 Bf6 31. Rb2 Kg7 32. Rbc2 Re3 33. Rb1 Rxd3 34. Rc7+ Kh6 35. Rbc1 Rd2 36. Rxa7 Rexe2+ 37. Kf1 Rf2+ 38. Ke1 Rde2+ 39. Kd1 Rf1+ 40. Kxe2 Rxc1 41. a4 Ra1 42. Kf3 Ra3+ 43. Kg2 Rxa4 44. Kh3 Rxd4 45. g4 hxg4+ 46. Kg2 Rd3 47.
h3 gxh3+ 48. Kh2 Nc4 49. Ra2 Ne3 50. Rb2 Ng4+ 51. Kg1 Rd1# 0-1

[Event "Early-Titled-Tuesday-Blitz-April-02-2024"]
[Site "Chess.com"]
[Date "2024.04.02"]
[Round "2"]
[White "djokovic74"]
[Black "MrChessSponge"]
[Result "1/2-1/2"]
[WhiteElo "2752"]
[BlackElo "2573"]
[TimeControl "180+1"]
[EndTime "8:18:27 PDT"]
[Termination "Game drawn by repetition"]

1. e4 c5 2. Nf3 d6 3. d4 cxd4 4. Nxd4 Nf6 5. Nc3 a6 6. Be2 e5 7. Nb3 Be7 8. O-O O-O 9. Qd3 Be6 10. Bd2 Nbd7 11. Nd5 Bxd5 12. exd5 Rc8 13. Be3 Re8 14. c4 a5 15. a4 b6 16. Rac1 Bf8 17. Kh1 g6 18. Bg5 h6 19. Bd2 Bg7 20. Qg3 Ne4 21.
Qd3 Nxd2 22. Qxd2 f5 23. Rfe1 Nc5 24. Nxc5 bxc5 25. f3 Rb8 26. Rb1 Rb4 27. b3 Qf6 28. Bd3 Reb8 29. Bc2 Kh7 30. Qd3 h5 31. Rf1 Re8 32.
Rbe1 Bh6 33. g3 Kg7 34. Kg2 h4 35. g4 Rf8 36. gxf5 gxf5 37. Rg1 Bf4 38. Kh1+ Kh8 39. Qf1 Rb7 40. Qh3 Rg7 41. Rxg7 Kxg7 42. Rg1+ Kh8 43.
Bd3 Rg8 44. Rxg8+ Kxg8 45. Bxf5 Qg5 46. Be6+ Kg7 47. Bf5 Be3 48. Qg4 Qxg4 49. fxg4 Kf6 50. Kg2 Kg5 51. Kf3 Bf4 52. h3 Bd2 53. Ke4 Bb4 54.
Bd7 Bc3 55. Bb5 Bb4 56. Ba6 Bc3 57. Bc8 Bb4 58. Be6 Ba3 59. Bc8 Bb4 60. Ba6 Ba3 61. Bc8 Bb4 1/2-1/2

[Event "Early-Titled-Tuesday-Blitz-April-02-2024"]
[Site "Chess.com"]
[Date "2024.04.02"]
[Round "2"]
[White "wonderfultime"]
[Black "FLYD"]
[Result "1-0"]
[WhiteElo "2969"]
[BlackElo "1910"]
[TimeControl "180+1"]
[EndTime "8:18:27 PDT"]
[Termination "wonderfultime won by checkmate"]

1. d4 Nf6 2. Nf3 d5 3. Bf4 c5 4.
c3 Nc6 5. e3 Qb6 6. Qc2 cxd4 7.
exd4 Bf5 8. Qb3 e6 9. Nbd2 Be7 10.
Be2 h6 11. O-O O-O 12. Rfe1 Ne4 13. h3 Bh7 14. Bf1 g5 15. Bh2 f5 16. Bd3 Qxb3 17.
Nxb3 f4 18. Nfd2 Nxd2 19. Bxh7+ Kxh7 20. Nxd2 Rf6 21. Re2 Bd6 22. Rae1 Re8 23. g3 e5 24.
dxe5 Nxe5 25. gxf4 gxf4 26. Kh1 Rf5 27. Nb3 Rg8 28. Nd4 Rh5 29. Rg1 Rxh3 30. Rxg8 Kxg8 31. Kg2 Rh4 32. f3 Kf7 33. Nf5 Rxh2+ 34. Kxh2 Bc7 35. Kg2 Kf6 36. Nxh6 Kg5 37. Ng4 Nxg4 38. fxg4 Kxg4 39.
Re7 f3+ 40. Kf1 Bb6 41. Rxb7 Kf4 42. Re7 Kg3 43. a4 a5 44. Re5 d4 45. cxd4 Bxd4 46. Rxa5 Bxb2 47. Rd5 Bc3 48. a5 Bf6 49.
a6 Bh4 50. a7 f2 51. a8=Q Kh3 52. Rd3+ Bg3 53. Qg2+ Kg4 54. Rf3 Kh5 55. Rxg3 Kh6 56. Qh2# 1-0

[Event "Early-Titled-Tuesday-Blitz-April-02-2024"]
[Site "Chess.com"]
[Date "2024.04.02"]
[Round "2"]
[White "bazar-wokzal"]
[Black "Gabcur"]
[Result "0-1"]
[WhiteElo "2548"]
[BlackElo "2360"]
[TimeControl "180+1"]
[EndTime "8:18:27 PDT"]
[Termination "Gabcur won by resignation"]

1. e4 e6 2. d4 d5 3. e5 c5 4. c3 Nc6 5. Nf3 Bd7 6. a3 f6 7. Bd3 Qc7 8. O-O O-O-O 9. Bf4 c4 10. Bc2 g5 11. Bg3 g4 12. Ne1 fxe5 13. dxe5 h5 14. f4 h4 15. Bf2 g3 16. Be3 Bh6 17. Qe2 gxh2+ 18. Kh1 Nge7 19. Nd2 Be8 20. Qg4 Bf7 21. Bf2 Rdg8 22. Qxh4 Nxe5 23. fxe5 Bxd2 24. Nf3 Rxh4 25.
Bxh4 Bg6 26. Bxe7 Bxc2 27. Bd6 Qg7 28. Rf2 Be4 29. Nh4 Qg3 30. Rxd2 Qxh4 31. Rf1 Qg5 32. Rff2 b6 33. a4 Kb7 34. a5 bxa5 35. Kxh2 Qh4+ 36. Kg1 Rh8 37. Kf1 Bd3+ 38. Rxd3 cxd3 39. Rf7+ Kc6 40. Rc7+ Kb6 41. Rf7 Qe4 42. Bc7+ Kc6 43. Bxa5 Rh1+ 44. Kf2 Qe2+ 45. Kg3 Qe3+ 46. Kg4 Qe4+ 47. Kg5 Qxg2+ 48.
Kf6 Rf1+ 49. Kxe6 Rxf7 50. Kxf7 d2 51. c4 d1=Q 52. cxd5+ Qdxd5+ 0-1

[Event "Early-Titled-Tuesday-Blitz-April-02-2024"]
[Site "Chess.com"]
[Date "2024.04.02"]
[Round "2"]
[White "viviania"]
[Black "Bilan_Danila"]
[Result "1-0"]
[WhiteElo "2892"]
[BlackElo "2606"]
[TimeControl "180+1"]
[EndTime "8:18:29 PDT"]
[Termination "viviania won by resignation"]

1. Nf3 d5 2. g3 Nf6 3. Bg2 Bf5 4. c4 c6 5. cxd5 cxd5 6. Qb3 Qb6 7. Qxb6 axb6 8. d3 Bd7 9. Be3 b5 10. Nbd2 Nc6 11.
Nb3 e5 12. Bc5 Bxc5 13. Nxc5 b6 14. Nxd7 Kxd7 15. Kd2 Kd6 16. Rhc1 Rhc8 17. Bh3 Rc7 18. a3 Raa7 19. Kd1 d4 20. Nd2 g6 21. Rc2 Na5 22.
Rac1 Rxc2 23. Rxc2 Rc7 24. Rxc7 Kxc7 25. Bg2 Kd6 26.
h4 Nc6 27. Kc2 Ng4 28. Ne4+ Kc7 29. Bf3 f5 30. Bxg4 fxe4 31. dxe4 Kd6 32. b4 Ne7 33.
Kd3 Nc6 34. e3 Ne7 35. Bh3 dxe3 36. Kxe3 Nc6 37. Bg4 Nd4 38. Be2 Nc2+ 39. Kd2 Nxa3 40. Kc3 Nb1+ 41. Kc2 Na3+ 42. Kd3 Nc4 43. Kc3 Na3 44.
Bd3 Kc6 45. Kb3 Nc4 46. Bxc4 bxc4+ 47. Kxc4 b5+ 48. Kd3 Kd6 49. Ke3 Ke6 50. f4 h5 51.
Kf3 Kf6 52. Ke3 Ke6 53. fxe5 Kxe5 54. Kd3 Ke6 55. Kd4 Kd6 56. e5+ Ke6 57. Ke4 Ke7 58. Kd5 Kd7 59. e6+ Ke7 60. Ke5 1-0

[Event "Early-Titled-Tuesday-Blitz-April-02-2024"]
[Site "Chess.com"]
[Date "2024.04.02"]
[Round "2"]
[White "valik3504"]
[Black "ValentinDragnev"]
[Result "0-1"]
[WhiteElo "2549"]
[BlackElo "2728"]
[TimeControl "180+1"]
[EndTime "8:18:30 PDT"]
[Termination "ValentinDragnev won by checkmate"]

1. Nf3 d5 2. c4 d4 3. g3 Nc6 4.
Bg2 e5 5. d3 Bb4+ 6. Bd2 a5 7.
O-O Nf6 8. a3 Be7 9. Bg5 Nd7 10.
Bxe7 Qxe7 11. Nbd2 O-O 12. Ne1 Nc5 13. Nb3 Ne6 14. Nc2 a4 15. Nd2 h5 16. b4 axb3 17.
Nxb3 h4 18. Qd2 Ng5 19. Nb4 h3 20. Nxc6 bxc6 21. Bxc6 Rb8 22. Na5 Bg4 23. Bd5 Qf6 24.
f4 Ne6 25. fxe5 Qg6 26. Nc6 Rbe8 27. a4 Nc5 28. a5 Nb3 29. Qb2 Nxa1 30. Rxa1 Bd7 31.
Nxd4 Rxe5 32. Nf3 Ree8 33. a6 c6 34. Be4 f5 35. Nh4 Qg5 36. Bf3 Qe3+ 37. Kh1 Rb8 38. Qc1 Qd4 39. a7 Ra8 40. Qa3 Rf7 41. Ng6 Be8 42. Ne7+ Kh7 43. Nxc6 Bxc6 44. Bxc6 Raxa7 45. Ba4 Rfe7 46. Qc1 Qf2 47. Bc6 Rxa1 48. Qxa1 Rxe2 49. Qg1 Re1 50. Qf1 Rxf1# 0-1

[Event "Early-Titled-Tuesday-Blitz-April-02-2024"]
[Site "Chess.com"]
[Date "2024.04.02"]
[Round "2"]
[White "Rutricks"]
[Black "GrotBchess"]
[Result "1/2-1/2"]
[WhiteElo "2698"]
[BlackElo "2454"]
[TimeControl "180+1"]
[EndTime "8:18:31 PDT"]
[Termination "Game drawn by repetition"]

1. d4 Nf6 2. Nc3 e6 3. Bf4 Be7 4. Qd2 d5 5. f3 a6 6. h4 c5 7. e3 Nc6 8. h5 h6 9. O-O-O b5 10. Kb1 c4 11. e4 b4 12. Na4 Bd7 13. b3 cxb3 14.
cxb3 dxe4 15. Be2 Rc8 16. Nh3 Qa5 17. g4 Na7 18. Nc5 Nb5 19. Bxb5 Bxb5 20. Nxe4 Nd5 21. Rc1 Nc3+ 22. Nxc3 bxc3 23. Qc2 Qa3 24. Nf2 a5 25.
Rh2 a4 26. Ne4 axb3 27. Qxb3 Bd3+ 28. Ka1 Qxb3 29. axb3 c2 30. Kb2 O-O 31. Rd2 Bb5 32.
Rdxc2 Rxc2+ 33. Rxc2 f5 34. Nc3 fxg4 35. Nxb5 Rxf4 36.
fxg4 Rxg4 37. Rc6 Bf6 38. Kc3 e5 39. dxe5 Bxe5+ 40. Kc2 Rg2+ 41. Kd3 Rg3+ 42. Ke4 Rxb3 43. Rc8+ Kh7 44. Na7 Bf6 45. Rc5 Rb4+ 46. Kf3 Bd4 47. Ra5 Bxa7 48. Rxa7 Rb5 49. Kg4 Rg5+ 50. Kh4 Rb5 51. Rc7 Rg5 52. Rb7 Rc5 53. Ra7 Rc4+ 54. Kh3 Rc5 55. Kh4 Rc4+ 56. Kg3 Rc5 57. Kg4 Rc4+ 58. Kg3 Rc5 59. Kh4 1/2-1/2

[Event "Early-Titled-Tuesday-Blitz-April-02-2024"]
[Site "Chess.com"]
[Date "2024.04.02"]
[Round "2"]
[White "MNyuyu"]
[Black "Zakaryan_David"]
[Result "0-1"]
[WhiteElo "2375"]
[BlackElo "2655"]
[TimeControl "180+1"]
[EndTime "8:18:31 PDT"]
[Termination "Zakaryan_David won on time"]

1. d4 Nf6 2. Nf3 g6 3. Bf4 Bg7 4. e3 O-O 5. h3 d6 6. Nbd2 Nc6 7. Be2 Qe8 8. c3 e5 9. dxe5 dxe5 10. Bh2 Nd7 11.
O-O a5 12. Qc2 Nc5 13. Rfe1 e4 14. Nd4 Ne5 15. Nxe4 Nxe4 16. Qxe4 c6 17. Bxe5 Qxe5 18. Qxe5 Bxe5 19. Rad1 a4 20. a3 h5 21. f4 Bc7 22.
Bd3 Re8 23. f5 Kg7 24. g4 hxg4 25. hxg4 Bd7 26. Kg2 c5 27. Nb5 Bc6+ 28. e4 Be5 29. Kf3 gxf5 30. gxf5 Rh8 31. Rh1 Kf6 32. Bc4 Rag8 33.
Rxh8 Rxh8 34. Nd6 Rh3+ 35. Kf2 Rh2+ 36. Kf3 Rh3+ 37. Kf2 Bxd6 38. Rxd6+ Ke5 39. Rd2 Bxe4 40. Bxf7 Kxf5 41. Bd5 Bd3 42. c4 Kf4 43. Bxb7 Bxc4 44.
Bg2 Rb3 45. Ke1 Bd3 46. Bf1 c4 47. Bxd3 cxd3 48. Rh2 Kg3 49. Rd2 Kf3 50. Kd1 Ke3 51. Kc1 Rb8 52. Kd1 Rh8 53. Kc1 Rh1+ 54. Rd1 Rh2 55.
Re1+ Re2 56. Rh1 Rc2+ 57. Kb1 Rf2 58. Kc1 Ke2 0-1

[Event "Early-Titled-Tuesday-Blitz-April-02-2024"]
[Site "Chess.com"]
[Date "2024.04.02"]
[Round "2"]
[White "Vesper2018"]
[Black "madmax011"]
[Result "1-0"]
[WhiteElo "2591"]
[BlackElo "2349"]
[TimeControl "180+1"]
[EndTime "8:18:31 PDT"]
[Termination "Vesper2018 won by checkmate"]

1. e4 c5 2. Nc3 d6 3. Nge2 Nc6 4. d4 cxd4 5. Nxd4 Nf6 6. Bc4 e6 7. Be3 Be7 8. Qe2 Bd7 9. O-O-O a6 10. Bb3 Qc7 11.
f4 Nxd4 12. Rxd4 e5 13. Rd3 Rc8 14. h3 b5 15. Rhd1 b4 16. fxe5 dxe5 17. Rxd7 Nxd7 18. Ba4 bxc3 19. Bxd7+ Kf8 20. Bxc8 cxb2+ 21. Kb1 Qxc8 22. c4 h6 23. c5 Kg8 24. Qc4 Qc6 25. Qd5 Qg6 26.
c6 Kh7 27. Qxe5 Rc8 28. c7 Bf6 29. Qf4 Bg5 30. Qf3 Bxe3 31. Qxe3 Rxc7 32. Qe2 Re7 33. Re1 Qb6 34. Qxb2 Qg6 35. Qc2 Re6 36. Re3 f6 37. a3 Re5 38. Ka2 Qf7+ 39. Qb3 Qe7 40. g4 Rb5 41. Qc4 Qb7 42. Qc2 Qb6 43. e5+ Kh8 44.
Rc3 Qb8 45. Rc8+ Qxc8 46. Qxc8+ Kh7 47. Qf5+ Kh8 48. Qc8+ Kh7 49. e6 Re5 50. Qd7 Kg6 51. e7 Kf7 52. e8=Q# 1-0